AoeStats
← Jan Itor

Oasis

509130370Analyzed
4v4 RM · 7d ago on Sep 25, 2026· 32m 40s· 8 players
Game mode
Random Map
Map size
Large (8 player)
Population
200
Speed
Normal
Resources
Standard
Victory
Conquest
Starting age
Dark Age
Ending age
Imperial Age
RankedLock teamsTeams togetherTeam positionsShared explorationLock speedFull tech treeHidden civsTurbo modeCheats
Victory
Defeat
🇨🇿 Burgundians · Czechia
1813
+11
🇩🇪 Danes · Germany
1813
+11
🇪🇸 Sicilians · Spain
1683
+16
🇪🇸 Saracens · Spain
1653
+17
🇰🇿 Hindustanis · Kazakhstan
1746
-16
🇷🇺 Aztecs · Russia
1724
-15
🇷🇺 Burmese · Russia
1722
-15
🇷🇺 Poles · Russia
1570
-9
Raspadori
9:25 Feudal Age
8:30 Loom
10:36 Double-Bit Axe
13:00 Loom
17:12 Fletching
22:26 Castle Age
20:24 Horse Collar
21:30 Padded Archer Armor
23:13 Bodkin Arrow
22:39 Crossbowman
23:48 Town Watch
26:35 Bow Saw
29:57 Wheelbarrow
30:04 Gold Mining
32:48 Hand Cart
33:32 Ballistics
Velky kanec
5:16 Double-Bit Axe
6:21 Loom
9:12 Feudal Age
13:30 Fletching
17:18 Bow Saw
23:04 Castle Age
21:21 Gold Mining
21:24 Horse Collar
21:58 Padded Archer Armor
23:41 Bodkin Arrow
23:19 Crossbowman
24:39 Wheelbarrow
24:50 Ballistics
26:37 Leather Archer Armor
28:48 Heavy Plow
32:00 Hand Cart
33:21 Gold Shaft Mining
AutoClickerv3
9:15 Feudal Age
9:44 Double-Bit Axe
10:14 Horse Collar
13:50 Bloodlines
16:26 Scale Barding Armor
16:32 Forging
19:29 Gold Mining
22:44 Castle Age
22:47 Light Cavalry
23:27 Husbandry
26:26 Chain Barding Armor
28:00 Iron Casting
29:14 Wheelbarrow
30:21 Hand Cart
Jan Itor
8:24 Feudal Age
8:58 Double-Bit Axe
10:37 Horse Collar
17:57 Castle Age
16:46 Forging
17:16 Scale Barding Armor
18:05 Bloodlines
18:56 Bow Saw
18:48 Heavy Plow
19:38 Light Cavalry
24:31 Wheelbarrow
25:36 Chain Barding Armor
25:43 Husbandry
27:01 Gold Mining
27:04 Stone Mining
28:16 Loom
32:48 Imperial Age
30:29 Scale Mail Armor
30:31 Squires
31:24 Chain Mail Armor
30:57 Arson
31:00 Gambesons
32:24 Iron Casting
33:11 Hand Cart
33:33 Gold Shaft Mining
SHell | Gr8telle
6:03 Loom
9:04 Feudal Age
9:33 Double-Bit Axe
13:29 Horse Collar
14:50 Town Watch
16:16 Fletching
27:31 Castle Age
27:40 Padded Archer Armor
31:53 Gold Mining
SHell | Denchik_Ne_Lohx
5:33 Loom
8:35 Feudal Age
9:20 Double-Bit Axe
16:09 Fletching
22:46 Castle Age
23:19 Padded Archer Armor
23:04 Horse Collar
23:04 Crossbowman
23:53 Bodkin Arrow
24:17 Bow Saw
24:16 Town Watch
25:40 Gold Mining
26:40 Wheelbarrow
32:31 Ballistics
SHell | FStalker
10:34 Feudal Age
14:28 Castle Age
12:36 Double-Bit Axe
12:58 Scale Mail Armor
13:11 Horse Collar
14:40 Loom
15:29 Chain Mail Armor
15:31 Eagle Warrior
21:10 Forging
22:10 Arson
23:03 Squires
27:03 Gold Mining
28:49 Wheelbarrow
SHell | Mr. NoName
11:01 Feudal Age
9:17 Loom
11:03 Feudal Age
16:29 Castle Age
14:25 Horse Collar
17:24 Wheelbarrow
17:10 Bloodlines
17:09 Scale Barding Armor
21:53 Bloodlines
25:43 Chain Barding Armor
27:54 Husbandry
28:10 Husbandry
28:51 Forging
Connection lost

Rejoining the realm…

Still unreachable

The connection could not be restored.

Session expired

The server has moved on; the page needs a fresh start.